 Dungeon Crawl Stone Soup version 0.29.0-4-gdea44cf6ec (webtiles) character file.

Game seed: 10247734721988633354

333 MeatBomb the Ruffian (level 6, -1/62 HPs)
             Began as a Troll Berserker on Aug 26, 2022.
             Was a Priest of Trog.
             Slain by an orc
             ... wielding a +0 hand axe
              (5 damage)
             ... on level 4 of the Dungeon.
             The game lasted 00:28:21 (2950 turns).

MeatBomb the Ruffian (Troll Berserker)              Turns: 2950, Time: 00:28:22

Health: -1/62      AC:  4    Str: 28    XL:     6   Next: 27%
Magic:  5/5        EV: 10    Int:  3    God:    Trog [***...]
Gold:   243        SH:  0    Dex:  9    Spells: 5/5 levels left

rFire   . . .      SeeInvis .     - Unarmed
rCold   . . .      Faith    .   c - orb {*Rage}
rNeg    . . .      Spirit   .   a - +0 animal skin
rPois   .          Reflect  .   (helmet restricted)
rElec   .          Harm     .   (no cloak)
rCorr   .          Rampage  .   (gloves unavailable)
Will    .....      Rage     20% (boots unavailable)
Stlth   +.........              k - amulet of regeneration
HPRegen 1.80/turn               (no ring)
MPRegen 0.09/turn               (no ring)

@: confused, on berserk cooldown, slowed, very slow
A: large, unfitting armour, claws 3, regeneration 1, shaggy fur 1, tough skin 1
a: Renounce Religion, Berserk, Trog's Hand


You were on level 4 of the Dungeon.
You worshipped Trog.
Trog was most pleased with you.
You visited 1 branch of the dungeon, and saw 4 of its levels.

You collected 243 gold pieces.

Inventory:

Hand Weapons
 f - a +2 short sword of speed
Missiles
 b - 7 boomerangs (quivered)
 d - 48 stones
 h - 13 poisoned darts
 m - 5 javelins
 n - 4 datura-tipped darts
Armour
 a - a +0 animal skin (worn)
 c - an orb of wrath (worn)
Jewellery
 k - an amulet of regeneration (around neck)
Scrolls
 e - a scroll of identify
 i - a scroll of brand weapon {unknown}
 q - a scroll of vulnerability {unknown}
Potions
 g - a potion of might {unknown}
 j - a potion of curing {unknown}
 l - a potion of brilliance {unknown}
 o - 2 potions of ambrosia
 p - 2 potions of attraction {unknown}
 r - a potion of heal wounds {unknown}


   Skills:
 + Level 3.9 Fighting
 - Level 2.4 Dodging
 * Level 6.0 Unarmed Combat


You had 5 spell levels left.
You didn't know any spells.
Your spell library was empty.

Dungeon Overview and Level Annotations

Branches:
Dungeon (4/15)
 Temple: D:4-7

Altars:


Innate Abilities, Weirdness & Mutations

You are too large for most types of armour.
You have claws for hands.
Your natural rate of healing is unusually fast.
You are covered in fur. (AC +1)
You have tough skin. (AC +1)


Message History

Something hits you but does no damage. x2; The orc hits you but does no damage.
Something hits you but does no damage. The orc closely misses you.
You hear some strange, mumbled words.
A puff of flame appears from out of thin air!
The puff of flame hits you! The orc hits you but does no damage.
You claw something! The orc misses you.
You hear some strange, mumbled words.
A magic dart appears from out of thin air!
The magic dart hits you! The orc completely misses you.
Something hits you but does no damage.
You completely miss something. The orc hits you but does no damage.
Something hits you. The orc hits you but does no damage.
You hear some strange, mumbled words.
You are confused.
The orc attacks as you move away! The orc barely misses you. x2
Something completely misses you.
You hear some strange, mumbled words.
You are more confused.
You barely miss something. Something hits you. The orc barely misses you.
You closely miss the orc. The orc hits you with a +0 trident.
Something hits you but does no damage. Something hits you.
The orc hits you with a +0 hand axe.
You hear some strange, mumbled words.
A puff of flame appears from out of thin air!
The puff of flame hits you!
* * * LOW HITPOINT WARNING * * *
The orc closely misses you.
You hear some strange, mumbled words.
A magic dart appears from out of thin air!
The magic dart hits you.
* * * LOW HITPOINT WARNING * * *
The orc completely misses you.
You closely miss the orc. The orc closely misses you.
Something hits you but does no damage.
You hear some strange, mumbled words.
A puff of flame appears from out of thin air!
The puff of flame hits you!
* * * LOW HITPOINT WARNING * * *
The orc hits you with a +0 hand axe.
You die...

..#.....#
.>.....# ####++##
#......# ......#.
#......###
........
#........
........ #......#
........ #...oo.#
........ #...{@.#
........ #.)..{.#
........ #).....#
.####### #)######
........
#######)#########
........
.................
........
#######.###....##
.>......
#.#......#
........
#.#......#
........


You could see 2 orcs.

Vanquished Creatures
  A necrophage (D:4)
  3 orc wizards
  An iguana (D:3)
  5 adders
  A worm (D:2)
  2 dart slugs
  13 orcs
  17 endoplasms
  8 giant cockroaches
  7 goblins
  6 hobgoblins
  2 jackals (D:1)
  4 quokkas
  13 ball pythons
  5 bats
  5 frilled lizards (D:1)
  7 kobolds
  2 rats (D:1)
102 creatures vanquished.

Notes
Turn   | Place    | Note
-------+----------+-------------------------------------------
     0 | D:1      | MeatBomb the Troll Berserker began the quest for the Orb.
     0 | D:1      | Reached XP level 1. HP: 22/22 MP: 0/0
    49 | D:1      | Found a faded altar of an unknown god.
    93 | D:1      | Reached XP level 2. HP: 29/29 MP: 1/1
   432 | D:1      | Reached XP level 3. HP: 36/36 MP: 2/2
   451 | D:1      | Reached ** piety under Trog
   538 | D:1      | Reached skill level 4 in Unarmed Combat
   985 | D:2      | Reached XP level 4. HP: 45/45 MP: 3/3
  1614 | D:3      | Reached skill level 5 in Unarmed Combat
  1677 | D:3      | Reached XP level 5. HP: 53/53 MP: 4/4
  2259 | D:4      | Reached *** piety under Trog
  2439 | D:4      | Reached XP level 6. HP: 62/62 MP: 5/5
  2925 | D:4      | Reached skill level 6 in Unarmed Combat
  2950 | D:4      | Slain by an orc

Illustrated notes

Levels and vault maps discovered:
D:1:      dpeg_arrival_rooms_a, layout_rooms, basic_ecumenical_altar,
          serial_aquarium, aquarium_bridge_square [aquarium_subvault_wall,
          aquarium_subvault_wall, aquarium_subvault_window,
          aquarium_subvault_bridge], aquarium_window_2, aquarium_window_2,
          aquarium_view_2a, aquarium_view_4, minmay_domino_4
D:2:      layout_rooms, kennysheep_generic_room_14
D:3:      layout_loops_ring
D:4:      layout_basic, st_stairs_4, kennysheep_generic_room_7

Skill      XL: |  1  2  3  4  5  6 |
---------------+-------------------+-----
Unarmed Combat | 4 5 6 |  6.0
Fighting       | 3 |  3.9
Dodging        | |  2.4

Action                   |  1- 3 |  4- 6 || total
-------------------------+-------+-------++-------
Melee: Unarmed           |    90 |   125 ||   215
       Punch             |     1 |       ||     1
Throw: Boomerang         |    13 |     4 ||    17
  Use: Scroll            |     1 |     4 ||     5
 Stab: Sleeping          |     1 |     1 ||     2
Armor: Animal skin       |    17 |    44 ||    61
Dodge: Dodged            |    41 |    67 ||   108
